 Dungeon Crawl Stone Soup version 0.17.0-18-gaab0e96 (console) character file.

1513 gw the Basher (level 8, -7/112 HPs)
             Began as a Deep Dwarf Berserker on Nov 11, 2015.
             Was an Elder of Trog.
             Mangled by an orc warrior
             ... wielding a +0 trident
              (15 damage)
             ... on level 6 of the Dungeon.
             The game lasted 00:05:36 (5015 turns).

gw the Basher (Deep Dwarf Berserker)                Turns: 5015, Time: 00:05:36

Health: -7/112     AC: 10    Str: 26    XL:     8   Next: 53%
Magic:  5/5        EV:  9    Int:  8    God:    Trog [****..]
Gold:   302        SH:  0    Dex: 14    Spells: 0 memorised, 7 levels left

rFire  . . .     SeeInvis .     a - +0 flail
rCold  . . .     Clarity  .     f - +0 chain mail
rNeg   . . .     SustAt   .     (no shield)
rPois  .         Gourm    .     (no helmet)
rElec  .         Spirit   .     (no cloak)
rCorr  .         Warding  .     (no gloves)
rMut   .         Stasis   .     (no boots)
MR     +++..                    (no amulet)
Stlth  ..........               (no ring)
                                (no ring)

@: berserking, non-regenerating, very quick, extremely resistant to hostile
enchantments, extremely unstealthy
A: damage resistance, recharge devices, sense surroundings 1, slow regeneration
3
a: Device Recharging, Berserk, Trog's Hand, Brothers in Arms, Burn Spellbooks,
Renounce Religion


You were on level 6 of the Dungeon.
You worshipped Trog.
Trog was greatly pleased with you.
You were not hungry.

You visited 1 branch of the dungeon, and saw 6 of its levels.

You collected 302 gold pieces.

Inventory:

Hand Weapons
 a - a +0 flail (weapon)
Missiles
 b - 17 poisoned bolts
 e - 23 bolts
Armour
 f - a +0 chain mail (worn)
Wands
 c - a wand of heal wounds (4)
Comestibles
 d - 3 bread rations


   Skills:
 + Level 5.5 Fighting
 * Level 8.2 Maces & Flails
 + Level 6.2 Armour
 - Level 2.1 Dodging


You had 7 spell levels left.
You didn't know any spells.

Dungeon Overview and Level Annotations

Branches:
Dungeon (6/15)             Temple (0/1) D:6

Altars:
Elyvilon
Okawaru
Ru
Trog

Annotations:
D:6 Sigmund


Innate Abilities, Weirdness & Mutations

You are resistant to damage.
You can recharge devices by infusing magical energy.
You passively map a small area around you.
You do not regenerate naturally.


Message History

The centaur barely misses you.
Unknown command.
Unknown command.
Unknown command.
Unknown command.
ATTACK MOVE TO (-1,1)
You sock the centaur!
You kill the centaur!
Trog accepts your kill.
The orc warrior hits you but does no damage.
The orc closely misses you.
The orc warrior hits you with a dire flail!
Unknown command.
Unknown command.
Unknown command.
Unknown command.
ATTACK MOVE TO (0,1)
You completely miss the orc warrior. Sigmund hits you but does no damage.
The orc warrior hits you from afar with a trident!
You die...

* , * ##.##.#..#*
* #.(......# ,
.........# , ,
.........# , ,,
.........##
..........#
.....@)...## *
.....()go..#
......)o##.#
.....o..##.# ,
.......(.#.##
...>........# *
............#
............# ###
....).......###.##
...)....#........#


You could see Sigmund, 2 orc warriors and an orc.

Table legend:
 A = Turns spent in this place as a percentage of turns spent in the entire game.
 B = Non-inter-level travel turns spent in this place as a percentage of non-inter-level travel turns spent in the entire game.
 C = Inter-level travel turns spent in this place as a percentage of turns spent in this place.
 D = Turns resting spent in this place as a percentage of non-inter-level travel turns spent in this place.
 E = Turns spent auto-exploring this place as a percentage of non-inter-level travel turns spent in this place.
 F = Non-inter-level travel turns spent in this place divided by the number of levels of this place that you've seen.
                   A       B       C       D       E      F
               +-------+-------+-------+-------+-------+----------------------
         Total | 100.0 | 100.0 |   0.6 |   0.3 |   2.4 | 1347.2
       Dungeon | 100.0 | 100.0 |   0.6 |   0.3 |   2.4 | 1347.2
               +-------+-------+-------+-------+-------+----------------------

Table legend:
 A = Kills in this place as a percentage of kills in entire the game.
 B = Kills by you in this place as a percentage of kills by you in the entire game.
 C = Kills by friends in this place as a percentage of kills by friends in the entire game.
 D = Other kills in this place as a percentage of other kills in the entire game.
 E = Experience gained in this place as a percentage of experience gained in the entire game.
 F = Experience gained in this place divided by the number of levels of this place that you have seen.
                   A       B       C       D       E      F
               +-------+-------+-------+-------+-------+----------------------
         Total | 100.0 | 100.0 |  -nan | 100.0 | 100.0 | 360.3
       Dungeon | 100.0 | 100.0 |  -nan | 100.0 | 100.0 | 360.3
               +-------+-------+-------+-------+-------+----------------------

Vanquished Creatures
  Pikel (D:5)
  Duvessa (D:5)
  An ice beast (D:5)
  An ogre (D:5)
  A centaur (D:6)
  A giant frog (D:3)
  Dowan (D:5)
  4 orc wizards
  3 orc priests
  A hound (D:6)
  An iguana (D:5)
  A giant frog skeleton (D:5)
  Jessica (D:2)
  A worker ant (D:4)
  11 adders
  A gnoll (D:1)
  A worker ant zombie (D:5)
  A shadow imp (D:5)
  An ooze (D:5)
  3 worms
  6 giant geckos
  19 orcs
  2 ball pythons
  9 bats
  3 giant cockroaches
  5 goblins
  6 hobgoblins
  14 jackals
  7 kobolds
  3 giant newts
  A quokka (D:3)
  10 rats
122 creatures vanquished.

Vanquished Creatures (others)
  A centaur skeleton (D:5)
  An orc wizard (D:6)
  An adder (D:5)
  2 orcs (D:5)
  A ball python (D:5)
6 creatures vanquished.

Grand Total: 128 creatures vanquished

Notes
Turn   | Place    | Note
--------------------------------------------------------------
     0 | D:1      | gw the Deep Dwarf Berserker began the quest for the Orb.
     0 | D:1      | Reached XP level 1. HP: 20/20 MP: 1/1
   250 | D:1      | Reached XP level 2. HP: 13/27 MP: 2/2
   553 | D:1      | Reached XP level 3. HP: 26/33 MP: 3/3
   701 | D:1      | Reached ** piety under Trog
  1106 | D:2      | Noticed Jessica
  1113 | D:2      | Reached skill level 4 in Maces & Flails
  1138 | D:2      | Killed Jessica
  1138 | D:2      | Reached XP level 4. HP: 32/42 MP: 3/3
  1416 | D:2      | Found a sacrificial altar of Ru.
  2085 | D:3      | Noticed a giant frog
  2091 | D:3      | Killed a giant frog
  2091 | D:3      | Reached XP level 5. HP: 50/50 MP: 4/4
  2333 | D:3      | Reached skill level 5 in Maces & Flails
  2413 | D:3      | Reached *** piety under Trog
  2546 | D:3      | Reached XP level 6. HP: 35/57 MP: 5/5
  2725 | D:3      | Found a bloodstained altar of Trog.
  3620 | D:4      | Found a white marble altar of Elyvilon.
  3625 | D:4      | Found an iron altar of Okawaru.
  3809 | D:5      | Entered Level 5 of the Dungeon
  3834 | D:5      | Reached skill level 6 in Maces & Flails
  3917 | D:5      | Noticed Pikel
  3928 | D:5      | Killed Pikel
  3928 | D:5      | Reached skill level 7 in Maces & Flails
  3928 | D:5      | Reached skill level 5 in Armour
  3928 | D:5      | Reached XP level 7. HP: 66/66 MP: 5/5
  4187 | D:5      | Reached XP level 8. HP: 47/73 MP: 6/6
  4190 | D:5      | Reached skill level 5 in Fighting
  4213 | D:5      | Noticed Duvessa
  4218 | D:5      | Noticed Dowan
  4233 | D:5      | Killed Duvessa
  4246 | D:5      | Killed Dowan
  4246 | D:5      | Reached **** piety under Trog
  4835 | D:5      | Reached skill level 8 in Maces & Flails
  4988 | D:6      | Found a staircase to the Ecumenical Temple.
  4993 | D:6      | Noticed Sigmund
  5015 | D:6      | Mangled by an orc warrior

Action                   |  1- 3 |  4- 6 |  7- 9 || total
-------------------------+-------+-------+-------++-------
Melee: Mace              |   106 |   199 |       ||   305
       Flail             |       |    26 |    89 ||   115
Invok: Berserk           |     2 |     3 |     2 ||     7
       Trog's Hand       |       |     3 |     1 ||     4
 Abil: Device Recharging |     1 |     1 |     1 ||     3
Evoke: Wand              |     6 |     5 |     6 ||    17
  Eat: Chunk             |     2 |    13 |     6 ||    21

Vault maps used:
D:1:      dpeg_arrival_signposts
D:2:      nicolae_ru_path_of_blood, uniq_jessica
D:3:      minmay_stone_trees_small, st_stairs_1, trog_book
D:4:      nicolae_overflow_hidden_temple, minmay_curled_crystal,
          kennysheep_okawaru_gauntlet
D:5:      first_bread, eino_curves_03, uniq_pikel, uniq_duvessa
D:6:      minmay_overflow_temple_star_quad, uniq_menkaure, uniq_sigmund,
          uniq_prince_ribbit1
